 Dungeon Crawl Stone Soup version 0.17-a0-2118-g63bad21 (webtiles) character file.

28 Duffy the Firebug (level 3, 12/26 HPs)
             Began as a Hill Orc Fire Elementalist on Oct 20, 2015.
             Quit the game on level 2 of the Dungeon.
             The game lasted 00:01:21 (1045 turns).

Duffy the Firebug (Hill Orc Fire Elementalist)      Turns: 1045, Time: 00:01:21

Health: 12/26      AC:  3    Str: 10    XL:     3   Next: 12%
Magic:  2/6        EV: 12    Int: 15    God:
Gold:   21         SH:  0    Dex: 12    Spells: 1 memorised, 5 levels left

rFire  . . .     SeeInvis .     j - +0 dagger
rCold  . . .     Clarity  .     a - +0 robe
rNeg   . . .     SustAt   .     (no shield)
rPois  .         Gourm    .     (no helmet)
rElec  .         Spirit   .     l - +0 cloak
rCorr  .         Warding  .     (no gloves)
rMut   .         Stasis   .     (no boots)
MR     .....                    (no amulet)
Stlth  +.........               (no ring)
                                k - ring of loudness (curse)

@: very slightly contaminated, not resistant to hostile enchantments, very
unstealthy
A: no striking features
a: no special abilities


You were on level 2 of the Dungeon.
You were not hungry.

You visited 1 branch of the dungeon, and saw 2 of its levels.

You collected 21 gold pieces.


   Skills:
 - Level 1.5 Dodging
 - Level 1.5 Stealth
 - Level 2.0 Spellcasting
 + Level 2.4 Conjurations
 - Level 3.2 Fire Magic


You had 5 spell levels left.
You knew the following spells:

 Your Spells              Type           Power        Failure   Level  Hunger
a - Flame Tongue          Conj/Fire      ##...        10%         1    #......

Inventory:

Hand Weapons
 j - a +0 dagger (weapon)
Missiles
 e - 42 stones (quivered)
Armour
 a - a +0 robe (worn)
 l - a +0 cloak (worn)
Jewellery
 k - a cursed ring of loudness (left hand)
Scrolls
 d - a scroll of remove curse {unknown}
 h - 2 scrolls of identify {unknown}
Potions
 f - 2 potions of might {unknown}
 g - a potion of lignification {unknown}
Books
 b - a book of Flames
Comestibles
 c - 2 bread rations
 i - 3 fruits

Dungeon Overview and Level Annotations

Branches:
Dungeon (2/15)

Altars:
Ashenzari
Gozag
Zin


Message History

You hit the ooze.
You kill the ooze!
You have reached level 3!
Your experience leads to an increase in your attributes!
Increase (S)trength, (I)ntelligence, or (D)exterity?
You feel agile.
You open the door.
Found 5 gold pieces.
Found a glowing silver altar of Zin.
A kobold comes into view. It is wielding a short sword.
The kobold shouts!
The kobold hits you with a short sword.
Found a gold piece.
Found an opulent altar of Gozag.
There is an open door here.
The kobold barely misses you.
You hit the kobold but do no damage. The kobold hits you with a short sword.
You are too injured to fight recklessly!
You are too injured to fight recklessly!
You are too injured to fight recklessly!
You are too injured to fight recklessly!
You are too injured to fight recklessly!
You are too injured to fight recklessly!
You are too injured to fight recklessly!
You are too injured to fight recklessly!
You are too injured to fight recklessly!
You are too injured to fight recklessly!
You are too injured to fight recklessly!
You are too injured to fight recklessly!
You are too injured to fight recklessly!
You are too injured to fight recklessly!
You closely miss the kobold. The kobold hits you but does no damage.
You hit the kobold.
You kill the kobold!
e - 42 stones (gained 1)
You see here a short sword.
Are you sure you want to abandon this character and quit the game? (Confirm with "yes".)

#### ###### ##...###
####.....
#####.._.#.###.....###
#...#...$#........†...
#...'..$$#.♣♣♣♣♣♣..###
#...#)..$#........####
#...#@._.#.♣♣♣♣♣♣...##
#...##...#.# #.....##
#....#####.# #.#.....
##.....†...# #.######
#.........# #.# #
#.........# #.# #
#.........# #.######
####..##### #......#
#.?# ######..


There were no monsters in sight!

Action                   || total
-------------------------++-------
Melee: Dagger            ||     4
 Cast: Flame Tongue      ||    34
  Eat: Chunk             ||     1

Notes
Turn   | Place    | Note
--------------------------------------------------------------
     0 | D:1      | Duffy the Hill Orc Fire Elementalist began the quest for the Orb.
     0 | D:1      | Reached XP level 1. HP: 14/14 MP: 3/3
   409 | D:1      | Reached XP level 2. HP: 20/20 MP: 2/4
   463 | D:1      | Reached skill level 2 in Spellcasting
   855 | D:2      | Reached skill level 2 in Conjurations
   892 | D:2      | Found a shattered altar of Ashenzari.
  1030 | D:2      | Reached XP level 3. HP: 18/26 MP: 0/6
  1036 | D:2      | Found a glowing silver altar of Zin.
  1037 | D:2      | Found an opulent altar of Gozag.
  1045 | D:2      | Quit the game

Vault maps used:
D:1:      dpeg_arrival_stone_temple_mockup
D:2:      grunt_temple_overflow_gold_and_silver, ashenzari_conservatory_becter,
          serial_forest, infiniplex_forest_corner_1, infiniplex_forest_end_1,
          infiniplex_forest_straight_2, infiniplex_forest_clump_long,
          infiniplex_forest_end_1

Vanquished Creatures
  An ooze
  6 bats
  2 giant cockroaches
  2 goblins
  A hobgoblin
  2 kobolds
  A ball python
  A giant newt
  5 rats
21 creatures vanquished.
